3L
PITTSBURGH KINGFISHERS @ PANAMA CITY PIRANHAS
08/30/2042
 
TOP OF THE 1ST
Pittsburgh Kingfishers batting - Pitching for Panama City Piranhas : LHP Will Hunting
Pitching: LHP Will Hunting
Batting: LHB Naganori Inoue 0-0: Ball
1-0: Ball
2-0: Ball
3-0: Called Strike
3-1: Ground out 4-3 (Groundball, 4, EV 87.5 MPH)
Batting: RHB Rob Brooks 0-0: Ball
1-0: Ball
2-0: Swinging Strike
2-1: Fly out, F7 (Flyball, 7D, EV 78.1 MPH)
Batting: LHB Danny Trautmann 0-0: Ball
1-0: Foul Ball, location: 2F
1-1: Ball
2-1: Swinging Strike
2-2: Strikes out swinging
Top of the 1st over - 0 runs, 0 hits, 0 errors, 0 left on base; Pittsburgh 0 - Panama City 0
BOTTOM OF THE 1ST
Panama City Piranhas batting - Pitching for Pittsburgh Kingfishers : RHP Jared LaBarge
Pitching: RHP Jared LaBarge
Batting: LHB Oasiz Wiesblatt 0-0: Foul Ball, location: 2F
0-1: Foul Ball, location: 2F
0-2: Ball
1-2: Fly out, F9 (Flyball, 8RM, EV 92.5 MPH)
Batting: RHB Blaze Alexander 0-0: Ball
1-0: Ball
2-0: Called Strike
2-1: Ball
3-1: Foul Ball, location: 2F
3-2: Strikes out swinging
Batting: RHB Carsello Scruggins 0-0: Called Strike
0-1: Called Strike
0-2: Ball
1-2: Foul Ball, location: 2F
1-2: Ball
2-2: Ball
3-2: Ground out 4-3 (Groundball, 4, EV 90.0 MPH)
Bottom of the 1st over - 0 runs, 0 hits, 0 errors, 0 left on base; Pittsburgh 0 - Panama City 0
TOP OF THE 2ND
Pittsburgh Kingfishers batting - Pitching for Panama City Piranhas : LHP Will Hunting
Batting: RHB Kjartan Einarsson 0-0: Called Strike
0-1: SINGLE (Line Drive, 34D, EV 103.8 MPH)
Batting: LHB Rafael Abasto 0-0: Ball
1-0: Ball
2-0: Ground out 3-1 (Groundball, 3S, EV 88.1 MPH)
Kjartan Einarsson to second
Batting: RHB Junior Young 0-0: Called Strike
Kjartan Einarsson steals 3rd base
0-1: Ball
1-1: Foul Ball, location: 2F
1-2: Ball
2-2: SINGLE (Line Drive, 78S, EV 95.0 MPH)
Kjartan Einarsson scores
Batting: RHB Krystof Melichar 0-0: Called Strike
0-1: Ball
1-1: Foul Ball, location: 2F
1-2: Foul Ball, location: 2F
1-2: Grounds out, U3 (Groundball, 3L, EV 89.4 MPH)
Batting: RHB Loring Rommel 0-0: Ball
1-0: Fly out, F9 (Flyball, 9LDF, EV 111.2 MPH)
Top of the 2nd over - 1 run, 2 hits, 0 errors, 1 left on base; Pittsburgh 1 - Panama City 0
BOTTOM OF THE 2ND
Panama City Piranhas batting - Pitching for Pittsburgh Kingfishers : RHP Jared LaBarge
Batting: RHB William Penn 0-0: Called Strike
0-1: Ball
1-1: SINGLE (Groundball, 6MD, EV 97.5 MPH)
Batting: RHB Silvian Burger 0-0: Called Strike
0-1: SINGLE (Groundball, 6MD, EV 98.1 MPH)
William Penn to second
Runner from 2nd tries for 3rd, SAFE, throw by CF made to third
Batting: LHB Obidiah Lewis 0-0: Swinging Strike
0-1: Ball
1-1: Called Strike
1-2: Grounds into double play, 4-6-3 (Groundball, 34, EV 86.9 MPH)
William Penn scores
Batting: LHB Aurelius Estrada 0-0: Ball
1-0: Foul Ball, location: 2F
1-1: SINGLE (Flyball, 7S, EV 88.1 MPH)
Batting: LHB Hugh Hill 0-0: Ball
1-0: Called Strike
1-1: DOUBLE (Flyball, 8LD, EV 103.8 MPH)
Aurelius Estrada to third
Runner from 3rd tries for Home, SAFE, no throw by CF
Batting: RHB Hyeon-cheong Kim 0-0: Ball
1-0: Foul Ball, location: 2F
1-1: Foul Ball, location: 2F
1-2: Fly out, F8 (Flyball, 8LD, EV 95.0 MPH)
Bottom of the 2nd over - 2 runs, 4 hits, 0 errors, 1 left on base; Pittsburgh 1 - Panama City 2
TOP OF THE 3RD
Pittsburgh Kingfishers batting - Pitching for Panama City Piranhas : LHP Will Hunting
Batting: RHB Tony Hernández 0-0: Ball
1-0: Called Strike
1-1: Ball
2-1: Ground out U3 (Groundball, 3, EV 84.4 MPH)
Batting: LHB Naganori Inoue 0-0: Ball
1-0: Called Strike
1-1: Called Strike
1-2: Foul Ball, location: 2F
1-2: Strikes out swinging
Batting: RHB Rob Brooks 0-0: Ball
1-0: Foul Ball, location: 2F
1-1: Foul Ball, location: 2F
1-2: Ball
2-2: Ground out U3 (Groundball, 3, EV 103.8 MPH)
Top of the 3rd over - 0 runs, 0 hits, 0 errors, 0 left on base; Pittsburgh 1 - Panama City 2
BOTTOM OF THE 3RD
Panama City Piranhas batting - Pitching for Pittsburgh Kingfishers : RHP Jared LaBarge
Batting: LHB Oasiz Wiesblatt 0-0: Ball
1-0: Called Strike
1-1: Called Strike
1-2: Fly out, F8 (Flyball, 78D, EV 98.8 MPH)
Batting: RHB Blaze Alexander 0-0: Called Strike
0-1: Fly out, F4 (Popup, 34, EV 54.4 MPH)
Batting: RHB Carsello Scruggins 0-0: Called Strike
0-1: Ball
1-1: Swinging Strike
1-2: Reached on error, E3 (Groundball, 3, EV 107.5 MPH)
Batting: RHB William Penn 0-0: Ball
1-0: Called Strike
1-1: Foul Ball, location: 2F
1-2: Ball
2-2: Ball
3-2: Fly out, F8 (Line Drive, 8RD, EV 101.9 MPH)
Bottom of the 3rd over - 0 runs, 0 hits, 1 error, 1 left on base; Pittsburgh 1 - Panama City 2
TOP OF THE 4TH
Pittsburgh Kingfishers batting - Pitching for Panama City Piranhas : LHP Will Hunting
Batting: LHB Danny Trautmann 0-0: Ball
1-0: Called Strike
1-1: Ball
2-1: Fly out, F7 (Flyball, 7D, EV 101.9 MPH)
Batting: RHB Kjartan Einarsson 0-0: Ball
1-0: SINGLE (Groundball, 4D, EV 97.5 MPH)
Batting: LHB Rafael Abasto 0-0: Ball
1-0: Ball
2-0: Ball
3-0: Called Strike
3-1: Called Strike
3-2: Foul Ball, location: 2F
3-2: Ground out 3-1 (Groundball, 3L, EV 90.6 MPH)
Kjartan Einarsson to second
Batting: RHB Junior Young 0-0: Foul Ball, location: 2F
0-1: Ball
1-1: Called Strike
1-2: Ground out 6-3 (Groundball, 6D, EV 97.5 MPH)
Top of the 4th over - 0 runs, 1 hit, 0 errors, 1 left on base; Pittsburgh 1 - Panama City 2
BOTTOM OF THE 4TH
Panama City Piranhas batting - Pitching for Pittsburgh Kingfishers : RHP Jared LaBarge
Batting: RHB Silvian Burger 0-0: Foul Ball, location: 2F
0-1: Swinging Strike
0-2: Strikes out looking
Batting: LHB Obidiah Lewis 0-0: Ball
1-0: Foul Ball, location: 2F
1-1: DOUBLE (Line Drive, 89D, EV 106.2 MPH)
Batting: LHB Aurelius Estrada 0-0: Swinging Strike
0-1: SINGLE (Groundball, 34, EV 98.1 MPH) (infield hit)
Obidiah Lewis to third
Batting: LHB Hugh Hill 0-0: Swinging Strike
0-1: Ball
1-1: Grounds into double play, 6-4-3 (Groundball, 6D, EV 100.6 MPH)
Bottom of the 4th over - 0 runs, 2 hits, 0 errors, 1 left on base; Pittsburgh 1 - Panama City 2
TOP OF THE 5TH
Pittsburgh Kingfishers batting - Pitching for Panama City Piranhas : LHP Will Hunting
Batting: RHB Krystof Melichar 0-0: Ground out 3-1 (Groundball, 34, EV 80.0 MPH)
Batting: RHB Loring Rommel 0-0: Ball
1-0: Ball
2-0: Foul Ball, location: 2F
2-1: Foul Ball, location: 2F
2-2: Foul Ball, location: 2F
2-2: SINGLE (Groundball, 6MD, EV 97.5 MPH)
Batting: RHB Tony Hernández 0-0: Ball
Loring Rommel is caught stealing 2nd base 2-4
1-0: Ball
2-0: Called Strike
2-1: Ground out 4-3 (Groundball, 4S, EV 71.2 MPH)
Top of the 5th over - 0 runs, 1 hit, 0 errors, 0 left on base; Pittsburgh 1 - Panama City 2
BOTTOM OF THE 5TH
Panama City Piranhas batting - Pitching for Pittsburgh Kingfishers : RHP Jared LaBarge
Batting: RHB Hyeon-cheong Kim 0-0: Ball
1-0: Ball
2-0: Ball
3-0: Called Strike
3-1: Base on Balls
Batting: LHB Oasiz Wiesblatt 0-0: Ball
1-0: Foul Ball, location: 2F
1-1: Fly out, F7 (Flyball, 7S, EV 85.6 MPH)
Batting: RHB Blaze Alexander 0-0: Ball
1-0: Fielders Choice at 2nd, 6-4 (Groundball, 6, EV 78.8 MPH)
Batting: RHB Carsello Scruggins 0-0: Foul Ball, location: 2F
0-1: Ball
1-1: Swinging Strike
1-2: Ball
2-2: Ball
3-2: Foul Ball, location: 2F
3-2: Strikes out looking
Bottom of the 5th over - 0 runs, 0 hits, 0 errors, 1 left on base; Pittsburgh 1 - Panama City 2
TOP OF THE 6TH
Pittsburgh Kingfishers batting - Pitching for Panama City Piranhas : LHP Will Hunting
Batting: LHB Naganori Inoue 0-0: Foul Ball, location: 2F
0-1: Swinging Strike
0-2: Ground out 4-3 (Groundball, 4, EV 87.5 MPH)
Batting: RHB Rob Brooks 0-0: Ball
1-0: Ball
2-0: Foul Ball, location: 2F
2-1: Ball
3-1: Foul Ball, location: 2F
3-2: Foul Ball, location: 2F
3-2: SINGLE (Groundball, 15, EV 68.1 MPH) (infield hit)
Batting: LHB Danny Trautmann 0-0: Called Strike
0-1: Called Strike
0-2: Ball
1-2: Ball
2-2: SINGLE (Line Drive, 6D, EV 105.0 MPH)
Rob Brooks to second
Batting: RHB Kjartan Einarsson 0-0: Fielders Choice at 2nd, 4-6 (Groundball, 4M, EV 106.9 MPH)
Rob Brooks to third
Batting: LHB Rafael Abasto Pickoff Throw to First - Out! 1-3
Top of the 6th over - 0 runs, 2 hits, 0 errors, 1 left on base; Pittsburgh 1 - Panama City 2
BOTTOM OF THE 6TH
Panama City Piranhas batting - Pitching for Pittsburgh Kingfishers : RHP Jared LaBarge
Batting: RHB William Penn 0-0: Called Strike
0-1: Foul Ball, location: 2F
0-2: Ball
1-2: Foul Ball, location: 2F
1-2: SINGLE (Line Drive, 6D, EV 102.5 MPH)
Pitching: LHP Kenny James
Batting: RHB Silvian Burger 0-0: Swinging Strike
0-1: Ball
1-1: SINGLE (Line Drive, 3D, EV 101.2 MPH)
William Penn to second
Batting: LHB Obidiah Lewis 0-0: Ball
1-0: Foul Ball, location: 2F
1-1: Swinging Strike
1-2: Strikes out looking
Batting: LHB Aurelius Estrada 0-0: Ball
1-0: Called Strike
1-1: SINGLE (Line Drive, 56, EV 98.8 MPH)
William Penn to third
Silvian Burger to second
Batting: LHB Hugh Hill 0-0: Called Strike
0-1: Foul Ball, location: 2F
0-2: Ball
1-2: Strikes out swinging
Batting: RHB Hyeon-cheong Kim 0-0: Foul Ball, location: 2F
0-1: Ball
1-1: Called Strike
1-2: Fielders Choice at 2nd, 6-4 (Groundball, 56, EV 98.8 MPH)
Bottom of the 6th over - 0 runs, 3 hits, 0 errors, 3 left on base; Pittsburgh 1 - Panama City 2
TOP OF THE 7TH
Pittsburgh Kingfishers batting - Pitching for Panama City Piranhas : LHP Will Hunting
Batting: LHB Rafael Abasto 0-0: Swinging Strike
0-1: Foul Ball, location: 2F
0-2: Fly out, F7 (Flyball, 7, EV 92.5 MPH)
Batting: RHB Junior Young 0-0: Foul Ball, location: 2F
0-1: Ball
1-1: Ball
2-1: Called Strike
2-2: Foul Ball, location: 2F
2-2: Fly out, F3 (Popup, 3SF, EV 75.6 MPH)
Pitching: LHP Gunner Cross
Batting: RHB Krystof Melichar 0-0: Ball
1-0: SOLO HOME RUN (Flyball, 7LD, EV 100.0 MPH), Distance : 341 ft
Batting: RHB Loring Rommel 0-0: Swinging Strike
0-1: Swinging Strike
0-2: Ball
1-2: SINGLE (Line Drive, 7S, EV 90.6 MPH)
Batting: RHB Tony Hernández 0-0: Ball
1-0: Ball
2-0: SINGLE (Line Drive, 89S, EV 87.5 MPH)
Loring Rommel to second
Runner from 2nd tries for 3rd, SAFE, throw by RF made to third
Batting: LHB Naganori Inoue 0-0: Ball
1-0: Ball
2-0: Called Strike
2-1: Foul Ball, location: 2F
2-2: Strikes out swinging
Top of the 7th over - 1 run, 3 hits, 0 errors, 2 left on base; Pittsburgh 2 - Panama City 2
BOTTOM OF THE 7TH
Panama City Piranhas batting - Pitching for Pittsburgh Kingfishers : LHP Kenny James
Batting: LHB Oasiz Wiesblatt 0-0: Called Strike
0-1: Fly out, F5 (Popup, 5, EV 80.6 MPH)
Batting: RHB Blaze Alexander 0-0: Swinging Strike
0-1: Ball
1-1: Ball
2-1: Reached on error, E6 (Line Drive, 6, EV 68.8 MPH)
Batting: RHB Carsello Scruggins 0-0: Ball
1-0: Ball
2-0: Called Strike
2-1: Ball
3-1: Foul Ball, location: 2F
3-2: Ground out 6-3 (Groundball, 6MS, EV 75.0 MPH)
Blaze Alexander to second
Batting: RHB William Penn 0-0: Ball
1-0: Called Strike
1-1: Fly out, F8 (Flyball, 89D, EV 87.5 MPH)
Bottom of the 7th over - 0 runs, 0 hits, 1 error, 1 left on base; Pittsburgh 2 - Panama City 2
TOP OF THE 8TH
Pittsburgh Kingfishers batting - Pitching for Panama City Piranhas : LHP Gunner Cross
Batting: RHB Rob Brooks 0-0: Ball
1-0: Called Strike
1-1: Foul Ball, location: 2F
1-2: SINGLE (Line Drive, 7S, EV 107.5 MPH)
Pitching: RHP Jonathan Lentz
Batting: LHB Danny Trautmann 0-0: Ball
1-0: Ball
2-0: Ball
3-0: Called Strike
3-1: Base on Balls
Rob Brooks to second
Batting: RHB Kjartan Einarsson 0-0: Called Strike
0-1: Foul Ball, location: 2F
0-2: Fly out, F4 (Popup, 4S, EV 85.6 MPH)
Batting: LHB Rafael Abasto 0-0: Called Strike
0-1: Swinging Strike
0-2: Ball
1-2: Ball
2-2: Strikes out looking
Batting: RHB Junior Young 0-0: Ball
1-0: Fielders Choice at 2nd, 6-4 (Groundball, 6, EV 83.8 MPH)
Top of the 8th over - 0 runs, 1 hit, 0 errors, 2 left on base; Pittsburgh 2 - Panama City 2
BOTTOM OF THE 8TH
Panama City Piranhas batting - Pitching for Pittsburgh Kingfishers : LHP Kenny James
Pitching: LHP Joe Khokar
Batting: RHB Silvian Burger 0-0: Called Strike
0-1: Swinging Strike
0-2: Foul Ball, location: 2F
0-2: Ball
1-2: Ground out 1-3 (Groundball, 34S, EV 86.9 MPH)
Batting: LHB Obidiah Lewis 0-0: Foul Ball, location: 2F
0-1: Ball
1-1: Ball
2-1: Foul Ball, location: 2F
2-2: Strikes out swinging
Batting: LHB Aurelius Estrada 0-0: Called Strike
0-1: Ball
1-1: Swinging Strike
1-2: Ball
2-2: Strikes out looking
Bottom of the 8th over - 0 runs, 0 hits, 0 errors, 0 left on base; Pittsburgh 2 - Panama City 2
TOP OF THE 9TH
Pittsburgh Kingfishers batting - Pitching for Panama City Piranhas : RHP Jonathan Lentz
Batting: RHB Krystof Melichar 0-0: Ball
1-0: Ground out 5-3 (Groundball, 56, EV 83.1 MPH)
Batting: RHB Loring Rommel 0-0: Ball
1-0: Ball
2-0: Called Strike
2-1: Called Strike
2-2: Ball
3-2: Ground out 6-3 (Groundball, 6S, EV 82.5 MPH)
Pinch Hitting: RHB Adam Smith 0-0: Fly out, F8 (Flyball, 78S, EV 77.5 MPH)
Top of the 9th over - 0 runs, 0 hits, 0 errors, 0 left on base; Pittsburgh 2 - Panama City 2
BOTTOM OF THE 9TH
Panama City Piranhas batting - Pitching for Pittsburgh Kingfishers : LHP Joe Khokar
Now at 3B: Ryan Blonke
Batting: LHB Hugh Hill 0-0: Ball
1-0: Swinging Strike
1-1: Ground out 4-3 (Groundball, 4, EV 78.8 MPH)
Batting: RHB Hyeon-cheong Kim 0-0: Ball
1-0: Swinging Strike
1-1: Ball
2-1: Ground out 6-3 (Groundball, 6, EV 86.9 MPH)
Batting: LHB Oasiz Wiesblatt 0-0: Foul Ball, location: 2F
0-1: Ball
1-1: Foul Ball, location: 2F
1-2: Foul Ball, location: 2F
1-2: Ball
2-2: SINGLE (Groundball, 3L, EV 81.2 MPH) (infield hit)
Pitching: RHP Javier Solís
Batting: RHB Blaze Alexander 0-0: Called Strike
0-1: Foul Ball, location: 2F
0-2: Strikes out swinging
Bottom of the 9th over - 0 runs, 1 hit, 0 errors, 1 left on base; Pittsburgh 2 - Panama City 2
TOP OF THE 10TH
Pittsburgh Kingfishers batting - Pitching for Panama City Piranhas : RHP Jonathan Lentz
Batting: LHB Naganori Inoue 0-0: Fly out, F5 (Flyball, 5D, EV 76.2 MPH)
Batting: RHB Rob Brooks 0-0: Ball
1-0: Ball
2-0: Called Strike
2-1: Ball
3-1: Ground out 6-3 (Groundball, 6, EV 108.1 MPH)
Batting: LHB Danny Trautmann 0-0: Ball
1-0: Ball
2-0: Called Strike
2-1: Fly out, F7 (Flyball, 78S, EV 88.8 MPH)
Top of the 10th over - 0 runs, 0 hits, 0 errors, 0 left on base; Pittsburgh 2 - Panama City 2
BOTTOM OF THE 10TH
Panama City Piranhas batting - Pitching for Pittsburgh Kingfishers : RHP Javier Solís
Batting: RHB Carsello Scruggins 0-0: Swinging Strike
0-1: Ball
1-1: Swinging Strike
1-2: Ball
2-2: Strikes out swinging
Batting: RHB William Penn 0-0: Ball
1-0: Ball
2-0: Ball
3-0: Called Strike
3-1: Ground out 6-3 (Groundball, 6, EV 91.2 MPH)
Pinch Hitting: LHB Ji-e Loh 0-0: Ball
1-0: Called Strike
1-1: Swinging Strike
1-2: Foul Ball, location: 2F
1-2: Ball
2-2: Foul Ball, location: 2F
2-2: Ball
3-2: Foul Ball, location: 2F
3-2: Foul Ball, location: 2F
3-2: Foul Ball, location: 2F
3-2: Strikes out swinging
Bottom of the 10th over - 0 runs, 0 hits, 0 errors, 0 left on base; Pittsburgh 2 - Panama City 2
TOP OF THE 11TH
Pittsburgh Kingfishers batting - Pitching for Panama City Piranhas : RHP Jonathan Lentz
Now at 2B: Antoine Studdard
Batting: RHB Kjartan Einarsson 0-0: Ball
1-0: Ball
2-0: Ball
3-0: Fly out, F8 (Flyball, 8RM, EV 86.9 MPH)
Batting: LHB Rafael Abasto 0-0: Foul Ball, location: 2F
0-1: Ground out 4-3 (Groundball, 4, EV 79.4 MPH)
Pinch Hitting: LHB Max Sinclair 0-0: Ball
1-0: Called Strike
1-1: Foul Ball, location: 2F
1-2: Fly out, F1 (Popup, P, EV 72.5 MPH)
Top of the 11th over - 0 runs, 0 hits, 0 errors, 0 left on base; Pittsburgh 2 - Panama City 2
BOTTOM OF THE 11TH
Panama City Piranhas batting - Pitching for Pittsburgh Kingfishers : RHP Javier Solís
Now at C: Koi-sho Xú
Batting: LHB Obidiah Lewis 0-0: Foul Ball, location: 2F
0-1: SINGLE (Groundball, 34D, EV 108.8 MPH)
Batting: LHB Aurelius Estrada 0-0: Fielders Choice at 2nd, 4-6 (Groundball, 34D, EV 82.5 MPH)
Batting: LHB Hugh Hill 0-0: Called Strike
0-1: Called Strike
0-2: Ball
1-2: Foul Ball, location: 2F
1-2: Ground out 5-3 (Groundball, 56, EV 85.0 MPH)
Aurelius Estrada to second
Batting: RHB Hyeon-cheong Kim 0-0: Ball
1-0: Ball
2-0: Called Strike
2-1: SINGLE (Groundball, 3, EV 90.6 MPH) (infield hit)
Aurelius Estrada to third
Pitching: RHP Gabriel Durango
Batting: LHB Oasiz Wiesblatt 0-0: Ball
1-0: Ball
2-0: Called Strike
2-1: Ball
Wild Pitch!
Aurelius Estrada scores
Friday, March 26th, 2021 - OOTP Baseball 20.8 Build 74